 Dungeon Crawl Stone Soup version 0.26.0-10-g1f06aea511 (webtiles) character file.

Game seed: 14922114095886340016

195 MisterFreud the Chopper (level 5, -2/46 HPs)
             Began as a Deep Dwarf Monk on Jan 16, 2021.
             Slain by Terence
             ... wielding a +0 flail
              (8 damage)
             ... on level 2 of the Dungeon.
             The game lasted 00:02:12 (930 turns).

MisterFreud the Chopper (Deep Dwarf Monk)            Turns: 930, Time: 00:02:12

Health: -2/46      AC:  2    Str: 15    XL:     5   Next: 45%
Magic:  5/5        EV: 13    Int: 11    God:
Gold:   71         SH:  0    Dex: 15    Spells: 4/4 levels left

rFire    + . .     SeeInvis .   a - +0 hand axe
rCold    . . .     Faith    .   (no shield)
rNeg     . . .     Spirit   .   b - +0 robe
rPois    .         Reflect  .   (no helmet)
rElec    .         Harm     .   (no cloak)
rCorr    .         Rampage  .   (no gloves)
Will     .....                  (no boots)
Stlth    ++........             (no amulet)
HPRegen  0.00/turn              e - ring of protection from fire
MPRegen  0.09/turn              (no ring)

@: non-regenerating
A: damage resistance, heal wounds, sense surroundings 1, no regeneration
a: Heal Wounds


You were on level 2 of the Dungeon.
You visited 1 branch of the dungeon, and saw 2 of its levels.

You collected 71 gold pieces.

Inventory:

Hand Weapons
 a - a +0 hand axe (weapon)
 i - a +2 dagger of venom
Armour
 b - a +0 robe (worn)
Jewellery
 e - a ring of protection from fire (left hand)
Scrolls
 c - 4 scrolls of identify {unknown}
 g - a scroll of amnesia {unknown}
 h - a scroll of fear {unknown}
 k - a scroll of remove curse {unknown}
 l - a scroll of magic mapping {unknown}
Potions
 d - a potion of curing {unknown}
 f - a potion of degeneration {unknown}
 j - a potion of heal wounds {unknown}


   Skills:
 - Level 2.6 Fighting
 + Level 6.8 Axes
 - Level 3.2 Dodging
 - Level 2.4 Stealth


You had 4 spell levels left.
You didn't know any spells.
Your spell library was empty.

Dungeon Overview and Level Annotations

Branches:
Dungeon (2/15)

Altars:
Nemelex Xobeh

Annotations:
D:2 Terence


Innate Abilities, Weirdness & Mutations

You are resistant to damage.
You can heal yourself by infusing magical energy.
You passively map a small area around you.
You do not regenerate.


Message History

You hit the rat.
You kill the rat!
You are too injured to fight recklessly!
You are too injured to fight recklessly!
You are too injured to fight recklessly!
Found a cloak.
You are too injured to fight recklessly!
Found a scroll labelled XANGI GOOPHIYR.
You are too injured to fight recklessly!
Terence shouts!
Terence hits you with a +0 flail.
* * * LOW HITPOINT WARNING * * *
You hit Terence but do no damage. Terence misses you.
You are too injured to fight recklessly!
You barely miss Terence. Terence hits you with a +0 flail!
* * * LOW HITPOINT WARNING * * *
You hit Terence.
Terence is moderately wounded.
Terence hits you with a +0 flail!
You die...

, , #.# , , ,, #.# ,, , ,,
,#.#, .., #+# .. ,,#.# ..##+
#.# ,..., , ##.## ......#[.
+.... #...# ,, ......#.# #....
#.).# ......#@##..... ##...#
......#@....... * #.....
#####.......... *##.#.#.
..........?.######..#.#. *
........########...##)## , ,
........#####....###...#
..............####...⌠..
..............#####....###...#
..................
####...##.## .................
###..#(#.


You could see Terence.

Vanquished Creatures
  Sigmund (D:2)
  2 worms (D:2)
  2 dart slugs (D:1)
  A leopard gecko (D:1)
  3 ball pythons
  6 giant cockroaches
  2 goblins (D:1)
  2 hobgoblins
  7 kobolds (D:1)
  5 bats (D:1)
  2 frilled lizards
  4 rats
37 creatures vanquished.

Notes
Turn   | Place    | Note
-------+----------+-------------------------------------------
     0 | D:1      | MisterFreud the Deep Dwarf Monk began the quest for the
                  | Orb.
     0 | D:1      | Reached XP level 1. HP: 20/20 MP: 1/1
    70 | D:1      | Reached skill level 4 in Axes
    70 | D:1      | Reached XP level 2. HP: 25/27 MP: 2/2
   249 | D:1      | Reached XP level 3. HP: 21/33 MP: 3/3
   684 | D:2      | Found a sparkling altar of Nemelex Xobeh.
   684 | D:2      | Noticed Sigmund
   704 | D:2      | Killed Sigmund
   705 | D:2      | Reached skill level 6 in Axes
   705 | D:2      | Reached XP level 4. HP: 24/40 MP: 4/4
   705 | D:2      | Reached XP level 5. HP: 28/46 MP: 5/5
   904 | D:2      | Noticed Terence
   930 | D:2      | Slain by Terence

Illustrated notes

Levels and vault maps discovered:
D:1:      sevenhm_arrival_forest_fort_large_2, layout_basic
D:2:      minmay_general_purpose_star, layout_basic, lemuel_blue_sif_altar,
          nicolae_overflow_crystal_walls, uniq_sigmund, uniq_robin,
          uniq_terence, uniq_jessica

Skill      XL: |  1  2  3 |
---------------+----------+-----
Axes           | 4 6 |  6.8
Fighting       | |  2.6
Dodging        | |  3.2
Stealth        | |  2.4

Action                   |  1- 3 |  4- 6 || total
-------------------------+-------+-------++-------
Melee: Hand axe          |    84 |    52 ||   136
 Abil: Heal Wounds       |     1 |     2 ||     3
 Stab: Sleeping          |     2 |       ||     2
Armor: Robe              |    23 |     6 ||    29
Dodge: Dodged            |    73 |    18 ||    91
